 Dungeon Crawl Stone Soup version 0.23.3-3-gaaff5abdbf (webtiles) character file.

Game seed: 17773565637148587669

117946 MordorOrchid the Thaumaturge (level 17, -6/109 HPs)
             Began as a Formicid Earth Elementalist on May 28, 2020.
             Was the Champion of Dithmenos.
             Shot with an arrow by a satyr (13 damage)
             ... on level 3 of the Shoals on May 29, 2020.
             The game lasted 04:27:11 (24005 turns).

MordorOrchid the Thaumaturge (FoEE)                Turns: 24005, Time: 04:27:11

Health: -6/109     AC: 19    Str: 21    XL:     17   Next: 30%
Magic:  14/33      EV: 16    Int: 26    God:    Dithmenos [******]
Gold:   1842       SH:  8    Dex:  8    Spells: 1/40 levels left

rFire    . . .     SeeInvis +   y - +2 short sword "Abraont" {venom, Str+6 Int+3 Dex-3 Stlth+}
rCold    + . .     Gourm    .   i - +2 buckler {AC+3}
rNeg     + + +     Faith    .   f - +2 robe {MR+}
rPois    ∞         Spirit   .   (helmet unavailable)
rElec    .         Reflect  +   E - +2 cloak {+Inv}
rCorr    .         Harm     .   J - +1 pair of gloves
MR       +++++                  F - +1 pair of boots
Stlth    ++++++++..             e - amulet of Notewnem {Reflect rC+ SH+2}
HPRegen  0.28/turn              W - ring of the Mage {Wiz MR++ Int+3}
MPRegen  0.23/turn              Q - +4 ring of protection

@: shadow-form, very slightly contaminated, wreathed by umbra, lightly drained,
invisible, very slow
A: permanent stasis, dig shafts and tunnels, four strong arms, antennae 3, frail
1
a: Dig, Shaft Self, End Transformation, Shadow Step, Shadow Form, Renounce
Religion, Evoke Invisibility


You were on level 3 of the Shoals.
You worshipped Dithmenos.
Dithmenos was exalted by your worship.
You were hungry.
You were a swirling mass of dark shadows.
You visited 5 branches of the dungeon, and saw 27 of its levels.
You also visited: Ossuary, Gauntlet and Ice Cave.

You collected 2106 gold pieces.
You spent 264 gold pieces at shops.

Inventory:

Hand Weapons
 b - a +0 blowgun
 j - a +2 hunting sling of freezing
 k - a +7 scimitar of flaming
 y - the +2 short sword "Abraont" (weapon) {venom, Str+6 Int+3 Dex-3 Stlth+}
   (You bought it in a shop on level 6 of the Dungeon)

   It poisons the flesh of those it strikes.
   It affects your strength (+6).
   It affects your intelligence (+3).
   It affects your dexterity (-3).
   It makes you more stealthy.
 N - the +6 morningstar of the Wasp {venom, rPois Str+2 Int+3}
   (You took it off a minotaur in a Gauntlet)

   It poisons the flesh of those it strikes.
   It affects your strength (+2).
   It affects your intelligence (+3).
   It protects you from poison.
Missiles
 c - 4 curare-tipped needles
 g - 3 tomahawks
 l - 10 steel javelins (quivered)
 H - 165 sling bullets
 K - 2 throwing nets
 P - 331 stones
Armour
 f - a +2 robe of magic resistance (worn)
 i - a +2 buckler of protection (worn)
 o - the +5 scale mail of the Slorg {Regen+ Int+6}
   (You found it on level 2 of the Shoals)

   It affects your intelligence (+6).
   It increases your rate of regeneration.
 x - the +1 cloak of Starlight {rElec rC+ EV+4 Stlth--}
   (You found it in a Gauntlet)

   It affects your evasion (+4).
   It protects you from cold.
   It insulates you from electricity.
   It makes you much less stealthy.
 E - a +2 cloak of invisibility (worn)
 F - a +1 pair of boots (worn)
 I - a +0 leather armour of fire resistance
 J - a +1 pair of gloves (worn)
Jewellery
 e - the amulet of Notewnem (around neck) {Reflect rC+ SH+2}
   (You found it in a Gauntlet)

   [amulet of reflection]

   It shields you and reflects attacks.
   It protects you from cold.
   It affects your SH (+2).
 m - an uncursed ring of protection from fire
 Q - a +4 ring of protection (right hand)
 W - the ring of the Mage (left hand) {Wiz MR++ Int+3}
   (You found it on level 2 of the Lair of Beasts)

   [ring of wizardry]

   It improves your spell success rate.
   It affects your intelligence (+3).
   It affects your resistance to hostile enchantments.
Wands
 p - a wand of enslavement (17)
 s - a wand of acid (6)
 L - a wand of paralysis (9)
 M - a wand of disintegration (14)
 R - a wand of polymorph (15)
 U - a wand of iceblast (3)
Scrolls
 n - 3 scrolls of fear
 u - 3 scrolls of identify
 C - 7 scrolls of remove curse
 G - 2 scrolls of immolation
 V - 4 scrolls of fog
 X - 4 scrolls of magic mapping
Potions
 h - 17 potions of curing
 q - 2 potions of flight
 t - 3 potions of agility
 v - a potion of might {unknown}
 A - a potion of magic
 D - 6 potions of lignification
 S - 3 potions of ambrosia
Miscellaneous
 r - a box of beasts
 w - a phantom mirror
 T - a phial of floods
Comestibles
 d - 29 rations


   Skills:
 * Level 8.2(7.8) Fighting
 - Level 9.0(8.6) Short Blades
 - Level 4.6(4.3) Throwing
 - Level 7.5(7.2) Armour
 - Level 10.0(9.6) Dodging
 - Level 9.3(8.9) Stealth
 - Level 4.5(4.2) Shields
 + Level 12.2(11.8) Spellcasting
 - Level 6.0(5.7) Conjurations
 - Level 2.0(1.7) Charms
 - Level 8.0(7.6) Summonings
 * Level 4.8(4.5) Necromancy
 * Level 2.5(2.2) Transmutations
 - Level 3.0(2.7) Fire Magic
 - Level 4.0(3.7) Air Magic
 - Level 12.0(11.6) Earth Magic
 * Level 9.2(8.8) Invocations
 - Level 5.1(4.8) Evocations


You had one spell level left.
You knew the following spells:

 Your Spells              Type           Power        Failure   Level  Hunger
a - Sandblast             Erth           ###...       1%          1    None
c - Conjure Flame         Conj/Fire      #.......     1%          3    None
d - Petrify               Tmut/Erth      ##......     1%          4    None
f - Stone Arrow           Conj/Erth      ###...       1%          3    None
g - Mephitic Cloud        Conj/Pois/Air  #.......     1%          3    None
j - Summon Lightning Spi  Summ/Air       ##......     1%          4    None
k - Regeneration          Chrm/Necr      #.........   1%          3    None
m - Sublimation of Blood  Necr           #.........   1%          2    None
s - Summon Forest         Summ/Tloc      #.........   9%          5    ###....
u - Animate Skeleton      Necr           N/A          1%          1    None
v - Lee's Rapid Deconstr  Erth           ###.......   1%          5    ###....
w - Passwall              Tmut/Erth      ##......     1%          2    None
D - Inner Flame           Hex/Fire       #.......     2%          3    None

Your spell library contained the following spells:

 Spells                   Type           Power        Failure   Level  Hunger
 Flame Tongue             Conj/Fire      #....        1%          1    None
 Infusion                 Chrm           #...         1%          1    None
 Magic Dart               Conj           ##..         1%          1    None
 Pain                     Necr           #...         1%          1    None
 Summon Small Mammal      Summ           ##..         1%          1    None
 Call Imp                 Summ           ##......     1%          2    None
 Shroud of Golubria       Chrm/Tloc      #.........   1%          2    None
 Song of Slaying          Chrm           #.......     1%          2    None
 Throw Flame              Conj/Fire      #.....       1%          2    None
 Call Canine Familiar     Summ           ##......     1%          3    None
 Recall                   Summ/Tloc      N/A          1%          3    None
 Summon Guardian Golem    Hex/Summ       #.......     1%          3    None
 Vampiric Draining        Necr           #.........   1%          3    None
 Leda's Liquefaction      Hex/Erth       ##........   1%          4    None
 Aura of Abjuration       Summ           ##........   1%          5    ###....
 Borgnjor's Vile Clutch   Necr/Erth      ##........   1%          5    ###....
 Summon Demon             Summ           ##........   1%          5    ###....
 Slow                     Hex            #.......     2%          2    None
 Ignite Poison            Fire/Tmut/Pois #.......     2%          3    None
 Animate Dead             Necr           N/A          2%          4    None
 Sticky Flame             Conj/Fire      #.......     2%          4    None
 Spectral Weapon          Hex/Chrm       #.......     3%          3    None
 Summon Ice Beast         Ice/Summ       #.......     3%          4    None
 Fireball                 Conj/Fire      #.........   8%          5    ###....
 Irradiate                Conj/Tmut      #.........   9%          5    ###....
 Summon Mana Viper        Hex/Summ       #.......     9%          5    ###....
 Shadow Creatures         Summ           N/A          11%         6    #####..
 Statue Form              Tmut/Erth      ##.......    13%         6    #####..
 Alistair's Intoxication  Tmut/Pois      #.......     26%         5    ###....
 Blink                    Tloc           Unusable     N/A         2    N/A

Dungeon Overview and Level Annotations

Branches:
Dungeon (14/15)            Temple (1/1) D:7            Lair (6/6) D:11
 Shoals (4/4) Lair:3       Spider (0/4) Lair:2        Slime (0/5) Lair:6
    Orc (2/2) D:12            Elf (0/3) Orc:2
 Vaults: D:13-14

Altars:
Ashenzari
Cheibriados
Dithmenos
Elyvilon
Fedhas
Gozag
Hepliaklqana
Kikubaaqudgha
Makhleb
Nemelex Xobeh
Okawaru
Qazlal
Ru
Sif Muna
Trog
Uskayaw
Vehumet
Wu Jian
Xom
Yredelemnul
Zin
The Shining One
Beogh

Shops:
D:6 (   D:12 =   Orc:2 ([[%

Annotations:
D:2 1 runed translucent door, Crazy Yiuf
D:3 2 transporters, serch's ghost, amateur MiFi
D:8 Joseph


Innate Abilities, Weirdness & Mutations

You cannot be hasted, slowed, berserked, paralysed or teleported.
You can dig through walls and to a lower floor.
Your four strong arms can wield two-handed weapons with a shield.
You have a pair of large antennae on your head. (SInv)
You are frail. (-10% HP)


Message History

You feel more conspicuous. Why would you want to do that?
You are feeling hungry.
The faun shouts!
The faun shoots a sling bullet.
You reflect the sling bullet off an invisible shield around you!
The sling bullet completely misses the faun.
You hear a splash.
Why would you want to do that?
The faun shoots a sling bullet.
The sling bullet closely misses you.
You hear a splash.
The satyr shoots an arrow.
The arrow hits you.
* * * LOW HITPOINT WARNING * * *
You emit a cloud of dark smoke.
You feel drained.
You hear a splash.
The faun shoots a sling bullet.
The sling bullet misses you.
You hear a splash.
You see here an arrow.
The satyr shoots an arrow.
The arrow hits you!!
You die...

≈≈≈≈≈≈≈≈≈≈≈≈≈≈.......≈≈≈≈≈≈≈≈≈.
.≈≈≈≈≈≈≈≈≈≈≈≈≈≈≈..#..≈≈≈≈≈≈≈≈≈.
.?≈≈≈≈≈≈≈≈≈≈≈≈≈≈....≈≈≈≈≈.≈≈≈..
)≈≈≈≈≈≈≈≈≈≈≈≈≈≈≈≈...≈≈≈≈≈≈..≈≈.
<..≈≈≈≈≈≈≈≈≈≈≈≈≈≈≈..≈≈≈≈≈≈≈..≈^..
#....≈≈≈≈≈≈≈≈≈≈≈≈.≈....≈≈≈≈.....c
#...≈≈≈≈≈≈≈≈≈≈≈.≈≈≈.....≈≈≈≈..(..
.....≈≈≈≈≈≈≈≈≈≈≈≈§§.###.≈≈≈≈...(.
......≈≈≈≈≈≈≈≈≈≈W§§.# #..≈≈≈≈c...
..>..≈≈≈≈≈≈≈≈≈≈≈§§§§###..≈≈≈≈cc≈≈
.....≈≈≈≈≈≈≈≈≈≈≈≈§≈.....≈≈≈≈≈≈c≈≈
..≈.≈≈≈≈≈≈≈≈≈≈≈≈≈≈≈≈..#..≈≈§§))≈≈
...≈≈≈≈≈≈≈≈≈≈≈≈≈≈≈≈≈.##.{§§§§≈≈≈≈
≈≈≈≈≈≈≈≈≈≈≈≈≈≈≈≈≈≈≈≈...§§{§§§§≈≈≈
≈≈≈≈≈≈≈≈≈≈≈≈≈≈≈≈≈≈≈≈≈≈cc§§§§§§§†≈
≈≈≈≈≈≈≈≈ ≈≈≈≈≈≈≈≈≈≈≈≈≈c≈({§§§§≈≈≈
≈≈≈≈≈≈≈ ≈≈≈≈≈≈≈≈≈≈≈≈(≈≈§≈≈§≈≈≈≈


You could see a satyr and 2 fauns.

Vanquished Creatures
  Rupert (Lair:3)
  A sphinx (D:12)
  Roxanne (Shoals:2)
  A stone giant (Orc:2)
  A minotaur (Gauntlet)
  A merfolk javelineer (Shoals:3)
  Fannar (D:11)
  2 merfolk impalers
  6 hydras
  2 centaur warriors
  3 catoblepae
  A merfolk avatar (Shoals:3)
  Erica (D:8)
  5 two-headed ogres
  11 death yaks
  3 tengu warriors
  5 orc high priests (Orc:2)
  A hell hog (Gauntlet)
  Sonja (D:11)
  7 spriggans (Lair:6)
  3 sea snakes
  3 unseen horrors
  Pikel (D:8)
  An orb spider (Lair:2)
  4 orc knights (Orc:2)
  A deep elf mage (D:13)
  3 harpies (Shoals:2)
  2 cyclopes
  6 manticores
  6 ugly things
  An orc sorcerer (Orc:2)
  5 fauns
  3 ice statues (IceCv)
  5 elephants
  5 black mambas
  2 centaur skeletons
  Maurice (D:10)
  2 water nymphs (Shoals:2)
  10 spiny frogs
  An efreet (Gauntlet)
  3 komodo dragons
  2 rime drakes (Lair:3)
  6 trolls
  2 tengu conjurers (D:10)
  3 polar bears
  A wind drake (Shoals:2)
  3 merfolk
  5 hornets (Lair:6)
  11 blink frogs
  4 snapping turtles
  8 hippogriffs
  4 slime creatures (D:13)
  8 dream sheep
  A shadow (D:12)
  A wraith (D:13)
  A water elemental (Shoals:2)
  39 yaks
  2 vampires
  5 wyverns
  A fire elemental (Gauntlet)
  2 fire bats (Gauntlet)
  A basilisk (Lair:6)
  A steam dragon (D:11)
  2 hungry ghosts
  A warg (Orc:2)
  Menkaure (Ossuary)
  4 hell hounds (Gauntlet)
  12 water moccasins
  10 porcupines
  24 orc warriors
  5 black bears
  5 sky beasts
  4 slaves (D:8)
  A black bear (shapeshifter) (Gauntlet)
  17 wolves
  11 ice beasts
  2 necrophages
  13 ogres
  4 boggarts (Lair:6)
  8 crocodiles
  6 centaurs
  6 big kobolds
  13 bullfrogs
  2 gnoll sergeants (D:12)
  A water moccasin skeleton (D:10)
  A wyvern skeleton (D:9)
  A scorpion (D:6)
  6 killer bees
  2 electric eels (Lair:5)
  3 howler monkeys
  11 crimson imps
  A centaur zombie (D:10)
  3 hounds
  2 bullfrog zombies
  7 jellies
  A gnoll shaman (D:5)
  21 orc priests
  2 bullfrog skeletons
  22 orc wizards
  2 iguanas
  17 worker ants
  A killer bee zombie (D:5)
  A hound zombie (D:5)
  4 mummies
  A worker ant zombie (D:7)
  Robin (D:4)
  8 gnolls
  A howler monkey skeleton (D:10)
  13 adders
  4 shadow imps
  An ooze (D:3)
  2 worms
  A dart slug (D:3)
  A leopard gecko (D:2)
  63 orcs
  A ball python (D:3)
  5 bats
  5 giant cockroaches
  4 gnoll zombies (Ossuary)
  13 goblins
  8 hobgoblins
  11 jackals
  26 kobolds
  5 quokkas
  A frilled lizard (D:3)
  3 gnoll skeletons (Ossuary)
  4 goblin skeletons (Ossuary)
  5 goblin zombies (Ossuary)
  6 hobgoblin skeletons (Ossuary)
  5 hobgoblin zombies
  A jackal skeleton (D:5)
  A jackal zombie (D:6)
  5 kobold skeletons (Ossuary)
  5 kobold zombies
  4 orc skeletons (Ossuary)
  5 orc zombies (Ossuary)
  A quokka skeleton (D:5)
  7 rats
  2 rat skeletons (Ossuary)
  3 rat zombies (Ossuary)
  A plant (Lair:5)
727 creatures vanquished.

Vanquished Creatures (collateral kills)
  Polyphemus (Shoals:2)
  Snorg (Lair:5)
  2 catoblepae
  3 death yaks
  A lindwurm (Lair:2)
  An orc knight (Orc:2)
  A harpy (Shoals:2)
  5 fauns (Shoals:3)
  A merfolk siren (Shoals:1)
  3 elephants
  A black mamba (Lair:6)
  A spiny frog (Lair:4)
  A komodo dragon (Lair:6)
  A polar bear (Lair:6)
  A wind drake (Shoals:3)
  4 merfolk (Shoals:2)
  8 blink frogs
  4 dream sheep
  A slime creature (D:13)
  2 snapping turtles
  17 yaks
  4 spriggans (Lair:6)
  A water elemental (Shoals:2)
  2 wyverns
  5 basilisks
  2 water moccasins
  A porcupine (Lair:3)
  An ice beast (IceCv)
  4 orc warriors
  An eye of draining (D:14)
  3 ogres
  7 wolves (Lair:6)
  A gnoll sergeant (D:12)
  3 orc priests (Orc:2)
  7 orc wizards
  An ooze (Lair:6)
  13 orcs
  4 fungi
  4 plants
124 creatures vanquished.

Vanquished Creatures (others)
  A hydra (Lair:6)
  A goblin skeleton (Ossuary)
  5 demonic plants (Gauntlet)
  13 fungi
  8 plants
  2 snaplasher vines
  4 toadstools (Lair:2)
34 creatures vanquished.

Grand Total: 885 creatures vanquished

Notes
Turn   | Place    | Note
-------+----------+-------------------------------------------
     0 | D:1      | MordorOrchid the Formicid Earth Elementalist began the
                  | quest for the Orb.
     0 | D:1      | Reached XP level 1. HP: 13/13 MP: 3/3
   180 | D:1      | Reached XP level 2. HP: 19/19 MP: 3/5
   477 | D:1      | Learned a level 2 spell: Passwall
   510 | D:1      | Reached XP level 3. HP: 22/25 MP: 4/6
   515 | D:1      | Learned a level 3 spell: Stone Arrow
   817 | D:2      | Reached skill level 1 in Fighting
   817 | D:2      | Reached XP level 4. HP: 28/32 MP: 4/8
  1046 | D:2      | Found a shattered altar of Ashenzari.
  1050 | D:2      | Saw a vision of the Shoals and the Spider Nest.
  1050 | D:2      | Noticed a redback
  1050 | D:2      | Noticed a wolf spider
  1050 | D:2      | Noticed a merfolk
  1050 | D:2      | Noticed a redback
  1050 | D:2      | Noticed a redback
  1050 | D:2      | Noticed a hornet
  1050 | D:2      | Noticed a merfolk
  1050 | D:2      | Noticed a hippogriff
  1050 | D:2      | Noticed a merfolk
  1050 | D:2      | Noticed a merfolk
  1050 | D:2      | Noticed a hippogriff
  1050 | D:2      | Noticed a wolf spider
  1050 | D:2      | Noticed a redback
  1051 | D:2      | Noticed a merfolk
  1051 | D:2      | Noticed a merfolk siren
  1315 | D:2      | Found a faded altar of an unknown god.
  1400 | D:2      | Reached XP level 5. HP: 37/37 MP: 0/10
  1520 | D:2      | Found a runed translucent door.
  1521 | D:2      | Noticed Crazy Yiuf
  1531 | D:2      | Learned a level 4 spell: Petrify
  1619 | D:3      | Reached skill level 1 in Conjurations
  2069 | D:3      | Found a transporter.
  2074 | D:3      | Noticed serch's ghost (amateur MiFi)
  2083 | D:3      | Reached XP level 6. HP: 44/44 MP: 5/11
  2372 | D:3      | Found a transporter.
  2536 | D:4      | Noticed Robin
  2572 | D:4      | Reached skill level 5 in Earth Magic
  2615 | D:4      | Killed Robin
  2784 | D:4      | Reached skill level 1 in Shields
  2882 | D:4      | Reached XP level 7. HP: 50/50 MP: 7/13
  3189 | D:5      | Entered Level 5 of the Dungeon
  3419 | D:5      | Found a sand-covered staircase.
  3426 | Ossuary  | Entered an ossuary
  3815 | Ossuary  | Noticed Menkaure
  3959 | Ossuary  | Killed Menkaure
  3959 | Ossuary  | Reached skill level 5 in Spellcasting
  3959 | Ossuary  | Reached XP level 8. HP: 21/56 MP: 1/15
  4182 | D:5      | Learned a level 5 spell: Lee's Rapid Deconstruction
  4388 | D:5      | Reached skill level 1 in Short Blades
  4655 | D:6      | You fall through a shaft for 3 floors!
  4656 | D:9      | Noticed an unseen horror
  4669 | D:9      | You fall through a shaft for 3 floors!
  4669 | D:12     | Noticed a yak
  4669 | D:12     | Noticed a yak
  4670 | D:12     | Noticed a yak
  4785 | D:12     | Noticed a hippogriff
  4838 | D:12     | Killed a hippogriff
  4838 | D:12     | Reached XP level 9. HP: 46/61 MP: 5/18
  4902 | D:12     | Noticed a catoblepas
  4974 | D:12     | Noticed a manticore
  5150 | D:12     | Noticed a two-headed ogre
  5164 | D:12     | Found Seack's Jewellery Shoppe.
  5303 | D:11     | Noticed a two-headed ogre
  5309 | D:11     | Killed a two-headed ogre
  5420 | D:11     | Noticed a two-headed ogre
  5483 | D:10     | Entered Level 10 of the Dungeon
  5524 | D:10     | Noticed Maurice
  5532 | D:10     | Killed Maurice
  5532 | D:10     | Reached XP level 10. HP: 44/67 MP: 3/21
  5728 | D:9      | Reached skill level 5 in Dodging
  5773 | D:8      | Noticed Joseph
  5925 | D:9      | Killed an unseen horror
  6254 | D:8      | Found a sparkling altar of Nemelex Xobeh.
  6256 | D:8      | Noticed Erica
  6369 | D:8      | Reached skill level 5 in Conjurations
  6475 | D:8      | Noticed Pikel
  6557 | D:8      | Killed Pikel
  6557 | D:8      | Reached skill level 10 in Earth Magic
  6695 | D:8      | Reached XP level 11. HP: 72/72 MP: 5/24
  7390 | D:6      | Found Guleanloo's Antique Weapon Emporium.
  7398 | D:6      | Bought a pitted short sword for 264 gold pieces
  7495 | D:7      | Learned a level 4 spell: Summon Lightning Spire
  7634 | D:7      | Found an opulent altar of Gozag.
  7697 | D:7      | Found a staircase to the Ecumenical Temple.
  7915 | D:7      | Reached skill level 1 in Summonings
  7923 | D:7      | Reached skill level 1 in Air Magic
  7948 | D:7      | Identified the +2 short sword "Abraont" {venom, Str+6 Int+3
                  | Dex-3 Stlth+} (You bought it in a shop on level 6 of the
                  | Dungeon)
  8036 | Temple   | Entered the Ecumenical Temple
  8141 | Temple   | Became a worshipper of Dithmenos the Shadowed
  8294 | D:8      | Killed Erica
  9144 | D:10     | Learned a level 3 spell: Conjure Flame
  9179 | D:10     | Reached skill level 1 in Invocations
  9182 | D:10     | You fall through a shaft!
  9345 | D:10     | Reached * piety under Dithmenos
  9590 | D:11     | Noticed Sonja
  9617 | D:11     | Killed Sonja
  9617 | D:11     | Reached skill level 5 in Stealth
  9710 | D:11     | Reached skill level 1 in Fire Magic
  9729 | D:11     | Noticed Fannar
  9753 | D:11     | Killed Fannar
  9753 | D:11     | Reached XP level 12. HP: 67/80 MP: 2/25
 10046 | D:11     | Reached skill level 10 in Spellcasting
 10182 | D:11     | Noticed a death yak
 10231 | D:11     | Noticed an unseen horror
 10235 | D:11     | Killed an unseen horror
 10256 | D:11     | Reached ** piety under Dithmenos
 10343 | D:11     | Found a staircase to the Lair.
 10438 | D:11     | Killed a two-headed ogre
 10449 | D:11     | Killed a death yak
 10577 | D:11     | Noticed an unseen horror
 10582 | D:11     | Killed an unseen horror
 10978 | D:12     | Found a glowing golden altar of the Shining One.
 11114 | D:12     | Noticed a tengu warrior
 11187 | D:12     | Killed a tengu warrior
 11233 | D:12     | Killed a two-headed ogre
 11282 | D:12     | Noticed a seven-headed hydra
 11574 | D:12     | Noticed a centaur warrior
 11589 | D:12     | Killed a centaur warrior
 11597 | D:12     | Noticed a sphinx
 11674 | D:13     | Reached XP level 13. HP: 88/88 MP: 20/27
 11887 | D:13     | Noticed a centaur warrior
 11898 | D:13     | Killed a centaur warrior
 12015 | D:13     | Reached skill level 5 in Invocations
 12156 | D:13     | Reached *** piety under Dithmenos
 13010 | D:14     | Noticed a vault guard
 13256 | Lair:1   | Entered Level 1 of the Lair of Beasts
 13308 | Lair:1   | Found a gate leading to a gauntlet.
 13329 | Gauntlet | Entered a Gauntlet
 13329 | Gauntlet | Found a transporter.
 13329 | Gauntlet | Found a transporter.
 13335 | Gauntlet | Found a transporter.
 13350 | Gauntlet | Found a transporter.
 13352 | Gauntlet | Found a large runed translucent door.
 13352 | Gauntlet | Found a large runed translucent door.
 13353 | Gauntlet | Found a large runed translucent door.
 13353 | Gauntlet | Found a large runed translucent door.
 13354 | Gauntlet | Found a large runed translucent door.
 13354 | Gauntlet | Found a large runed translucent door.
 13354 | Gauntlet | Found a runed translucent door.
 13354 | Gauntlet | Found a runed translucent door.
 13354 | Gauntlet | Found a large runed translucent door.
 13354 | Gauntlet | Found a large runed translucent door.
 13355 | Gauntlet | Found a large runed translucent door.
 13355 | Gauntlet | Found a large runed translucent door.
 13359 | Gauntlet | Found a large runed translucent door.
 13359 | Gauntlet | Found a large runed translucent door.
 13360 | Gauntlet | Found a large runed translucent door.
 13360 | Gauntlet | Found a large runed translucent door.
 13360 | Gauntlet | Found a large runed translucent door.
 13360 | Gauntlet | Found a large runed translucent door.
 13363 | Gauntlet | Found a runed translucent gate.
 13363 | Gauntlet | Found a runed translucent gate.
 13363 | Gauntlet | Found a runed translucent gate.
 13365 | Gauntlet | Found a transporter.
 13380 | Gauntlet | Found a transporter.
 13457 | Gauntlet | Found a transporter.
 13467 | Gauntlet | Found a transporter.
 13471 | Gauntlet | Found a transporter.
 13477 | Gauntlet | Found the +1 cloak of Starlight {rElec rC+ EV+4 Stlth--}
 13477 | Gauntlet | Found a transporter.
 13477 | Gauntlet | Found a transporter.
 13479 | Gauntlet | Found the cursed +13 scythe of Curses {drain, *Curse}
 13494 | Gauntlet | Found a transporter.
 13513 | Gauntlet | Found a transporter.
 13522 | Gauntlet | Found a transporter.
 13557 | Gauntlet | Found a transporter.
 13571 | Gauntlet | Found a transporter.
 13640 | Gauntlet | Got a slimy bronze amulet
 13643 | Gauntlet | Identified the amulet of Notewnem {Reflect rC+ SH+2} (You
                  | found it in a Gauntlet)
 13680 | Gauntlet | Learned a level 3 spell: Regeneration
 13688 | Gauntlet | Reached skill level 1 in Charms
 13692 | Gauntlet | Reached skill level 1 in Necromancy
 13701 | Gauntlet | Got a shimmering steel amulet
 13704 | Gauntlet | Identified the amulet "Vizefic" {Regen+ Str+2} (You found
                  | it in a Gauntlet)
 13910 | Gauntlet | Reached skill level 5 in Evocations
 13910 | Gauntlet | Reached XP level 14. HP: 95/95 MP: 28/28
 13951 | Gauntlet | Identified the +6 morningstar of the Wasp {venom, rPois
                  | Str+2 Int+3}
 13951 | Gauntlet | Noticed a minotaur
 14020 | Gauntlet | Killed a minotaur
 14571 | Lair:2   | Reached skill level 10 in Dodging
 14683 | Lair:2   | Reached skill level 5 in Summonings
 14781 | Lair:2   | Reached **** piety under Dithmenos
 14845 | Lair:2   | Learned a level 5 spell: Summon Forest
 14886 | Lair:2   | Found a runed translucent door.
 14919 | Lair:2   | You fall through a shaft for 2 floors!
 15083 | Lair:3   | Noticed Rupert
 15153 | Lair:4   | Reached skill level 5 in Short Blades
 15153 | Lair:4   | Reached XP level 15. HP: 100/100 MP: 2/29
 15818 | Lair:5   | Reached ***** piety under Dithmenos
 15966 | Lair:5   | Found a frozen archway.
 16033 | IceCv    | Entered an ice cave
 16405 | IceCv    | Got slimy ice dragon scales
 16456 | Lair:5   | Identified the cursed +1 ice dragon scales of Owkealucw
                  | {*Drain rF- rC++ Int+8 Dex-5} (You found it in an ice cave)
 16542 | Lair:5   | Noticed Snorg
 16556 | Lair:5   | Killed Snorg
 16781 | Lair:5   | Reached skill level 1 in Armour
 16844 | Lair:5   | Reached skill level 5 in Fighting
 16972 | Lair:6   | Entered Level 6 of the Lair of Beasts
 17334 | Lair:6   | Reached skill level 5 in Armour
 17918 | Lair:6   | Reached ****** piety under Dithmenos
 18099 | Lair:6   | Found a staircase to the Slime Pits.
 18181 | Lair:6   | Reached XP level 16. HP: 109/111 MP: 3/30
 18857 | Lair:3   | Killed Rupert
 19070 | Lair:3   | Identified the cursed +1 long sword "Lafan" {vamp, Str+2
                  | Stlth+} (You found it on level 3 of the Lair of Beasts)
 19146 | Lair:3   | Found a staircase to the Shoals.
 19295 | Lair:2   | Found a hole to the Spider Nest.
 19683 | Lair:2   | Found the ring of the Mage {Wiz MR++ Int+3}
 19693 | Lair:2   | Identified the +4 dagger "Usmuuduj" {vamp, Int+3} (You
                  | found it on level 2 of the Lair of Beasts)
 19871 | D:12     | Found a staircase to the Orcish Mines.
 20171 | D:12     | Killed a sphinx
 20342 | Orc:1    | Entered Level 1 of the Orcish Mines
 20593 | Orc:1    | Found a roughly hewn altar of Beogh.
 20824 | Orc:2    | Entered Level 2 of the Orcish Mines
 21069 | Orc:2    | Learned a level 1 spell: Animate Skeleton
 21238 | Orc:2    | Found a staircase to the Elven Halls.
 22149 | Orc:2    | Gained mutation: You are frail. (-10% HP) [a neqoxec]
 22313 | Orc:2    | Found Hijahar's Food Boutique.
 22313 | Orc:2    | Found Sasiod's Weapon Boutique.
 22314 | Orc:2    | Found Mina's Armour Shop.
 22314 | Orc:2    | Found Xexuleet's Armour Boutique.
 22397 | Orc:2    | Learned a level 3 spell: Inner Flame
 22617 | Shoals:1 | Entered Level 1 of the Shoals
 22635 | Shoals:1 | Learned a level 2 spell: Sublimation of Blood
 22693 | Shoals:1 | You fall through a shaft!
 22694 | Shoals:2 | Noticed Polyphemus
 23020 | Shoals:2 | HP: 3/104 [Polyphemus/large rock (34)]
 23060 | Shoals:2 | Killed Polyphemus
 23060 | Shoals:2 | Reached XP level 17. HP: 28/109 MP: 10/33
 23274 | Shoals:2 | Identified Roxanne's Tome of the Mountains
 23274 | Shoals:2 | Noticed Roxanne
 23279 | Shoals:2 | Killed Roxanne
 23431 | Shoals:2 | Identified the +5 scale mail of the Slorg {Regen+ Int+6}
                  | (You found it on level 2 of the Shoals)
 23825 | Shoals:3 | Learned a level 3 spell: Mephitic Cloud
 23865 | Shoals:4 | Entered Level 4 of the Shoals
 23990 | Shoals:3 | HP: 3/109 [satyr/arrow (17)]
 24005 | Shoals:3 | Shot with an arrow by a satyr

Skill      XL: |  1  2  3  4  5  6  7  8  9 10 11 12 13 14 15 16 17 |
---------------+----------------------------------------------------+-----
Dodging        | 2 3 4 5 6 7 9 10 | 10.0
Earth Magic    | 4 5 6 7 8 10 11 12 | 12.0
Spellcasting   | 3 4 5 6 7 9 10 12 | 12.2
Fighting       | 1 2 4 5 8 |  8.2
Stealth        | 3 5 8 9 |  9.3
Conjurations   | 1 2 3 4 5 6 |  6.0
Shields        | 1 2 3 4 |  4.5
Transmutations | 2 |  2.5
Short Blades   | 1 2 3 4 5 9 |  9.0
Summonings     | 2 4 6 8 |  8.0
Air Magic      | 1 3 4 |  4.0
Invocations    | 2 4 5 7 9 |  9.2
Fire Magic     | 1 3 |  3.0
Charms         | 1 2 |  2.0
Necromancy     | 1 4 |  4.8
Throwing       | 4 |  4.6
Evocations     | 5 |  5.1
Armour         | 7 |  7.5

Action                   |  1- 3 |  4- 6 |  7- 9 | 10-12 | 13-15 | 16-18 || total
-------------------------+-------+-------+-------+-------+-------+-------++-------
Melee: Unarmed           |    12 |       |       |       |       |       ||    12
       Hand axe          |     1 |       |       |       |       |       ||     1
       Short sword       |    32 |    20 |    29 |   187 |   386 |   170 ||   824
       War axe           |       |       |     1 |       |       |       ||     1
       Whip              |       |       |       |    13 |       |       ||    13
       Scimitar          |       |       |       |       |    10 |     4 ||    14
 Fire: Hunting sling     |       |    14 |   139 |    66 |    44 |   132 ||   395
       Blowgun           |       |       |       |     6 |     5 |    15 ||    26
Throw: Stone             |       |       |       |       |     1 |       ||     1
       Javelin           |       |       |       |       |    27 |    14 ||    41
 Cast: Sandblast         |    26 |    72 |   109 |   147 |   148 |   110 ||   612
       Stone Arrow       |       |    27 |    36 |    74 |    38 |    18 ||   193
       Passwall          |       |     6 |    23 |    23 |    28 |    51 ||   131
       Petrify           |       |       |     9 |    60 |    79 |    56 ||   204
       Lee's Rapid Decon |       |       |       |    41 |    52 |    56 ||   149
       Summon Lightning  |       |       |       |     5 |    49 |    39 ||    93
       Conjure Flame     |       |       |       |       |    10 |     8 ||    18
       Regeneration      |       |       |       |       |    10 |    19 ||    29
       Summon Forest     |       |       |       |       |     9 |     8 ||    17
       Animate Skeleton  |       |       |       |       |       |    38 ||    38
       Inner Flame       |       |       |       |       |       |     9 ||     9
       Sublimation of Bl |       |       |       |       |       |    12 ||    12
       Mephitic Cloud    |       |       |       |       |       |     1 ||     1
Invok: Shadow Step       |       |       |       |       |       |     2 ||     2
       Shadow Form       |       |       |       |       |       |     1 ||     1
 Abil: Dig               |       |     1 |    11 |     9 |    10 |    26 ||    57
       Shaft Self        |       |       |     1 |     1 |     1 |       ||     3
       Evoke Invisibilit |       |       |       |     2 |     1 |     1 ||     4
Evoke: Wand              |       |       |     6 |     5 |    18 |     5 ||    34
       Phial of floods   |       |       |       |       |     3 |       ||     3
       Phantom mirror    |       |       |       |       |     1 |       ||     1
  Use: Scroll            |       |     6 |     9 |    10 |    18 |     7 ||    50
       Potion            |       |     2 |     1 |     1 |     9 |     6 ||    19
 Stab: Sleeping          |     5 |     9 |     4 |     5 |     4 |     8 ||    35
       Petrified         |       |       |    17 |   139 |   118 |    83 ||   357
       Petrifying        |       |       |       |     4 |     5 |     1 ||    10
       Invisible         |       |       |       |     1 |       |       ||     1
       Distracted        |       |       |       |       |     2 |     1 ||     3
  Eat: Chunk             |       |     7 |    12 |    35 |    25 |    24 ||   103
       Ration            |       |     1 |     1 |     2 |     5 |     3 ||    12
Armor: Robe              |    13 |     7 |    15 |    30 |    46 |    53 ||   164
       Leather armour    |       |       |       |       |     8 |       ||     8
       Ice dragon scales |       |       |       |       |    78 |       ||    78
Dodge: Dodged            |    35 |    29 |    48 |    89 |   227 |    94 ||   522
Block: Buckler           |       |       |     8 |    37 |    95 |    68 ||   208
       Reflection        |       |       |       |       |     1 |    15 ||    16
       Rpst.: Scimitar   |       |       |       |       |       |     1 ||     1
